 Dungeon Sprint DCSS version 0.21.1-1-g345015f (webtiles) character file.

3300000 Fang the Axe Maniac (level 23, -3/240 HPs)
             Began as a Minotaur Gladiator on May 6, 2018.
             Was the Champion of Makhleb.
             Killed from afar by a large bag of meat (37 damage)
             ... with an exploding inner flame
             ... in the Dungeon (Sprint VIII: "Arena of Blood").
             The game lasted 00:00:34 (33 turns).

Fang the Axe Maniac (Minotaur Gladiator)              Turns: 33, Time: 00:00:35

Health: -3/240     AC:  6    Str: 29    XL:     23   Next: 16%
Magic:  20/53      EV: 28    Int:  5    God:    Makhleb [******]
Gold:   0          SH:  0    Dex: 12    Spells: 76/76 levels left

rFire    . . .     SeeInvis .   l - +∞ Axe of Woe
rCold    . . .     Gourm    .   (shield currently unavailable)
rNeg     . . .     Faith    .   b - +0 leather armour
rPois    .         Spirit   .   c - +0 hat
rElec    .         Reflect  .   (no cloak)
rCorr    .         Harm     .   (no gloves)
MR       +....     NoTele   +   (no boots)
Stlth    +++++++++.             (no amulet)
HPRegen  0.50/turn              (no ring)
MPRegen  0.33/turn              (no ring)

@: no status effects
A: retaliatory headbutt, horns 2
a: Minor Destruction, Lesser Servant of Makhleb, Major Destruction, Greater
Servant of Makhleb, Renounce Religion


You were in the Dungeon.
You worshipped Makhleb.
Makhleb was exalted by your worship.
You were not hungry.

You visited 1 branch

Inventory:

Hand Weapons
 a - a +0 war axe
 l - the +∞ Axe of Woe (weapon)
   (You found it in the Dungeon)
Missiles
 d - 3 throwing nets (quivered)
Armour
 b - a +0 leather armour (worn)
 c - a +0 hat (worn)
Scrolls
 k - a scroll of blinking
Potions
 e - a potion of curing
 g - a potion of heal wounds
 h - a potion of haste
 i - 2 potions of magic
 j - a potion of berserk rage
Comestibles
 f - a ration


   Skills:
 O Level 27 Fighting
 O Level 27 Axes
 O Level 27 Throwing
 O Level 27 Armour
 O Level 27 Dodging
 O Level 27 Stealth
 O Level 27 Unarmed Combat
 O Level 27 Spellcasting
 O Level 27 Invocations


You had 76 spell levels left.
You didn't know any spells.

Dungeon Overview and Level Annotations

Branches:
Dungeon (1/1)

Altars:
Makhleb


Innate Abilities, Weirdness & Mutations

You reflexively headbutt those who attack you in melee.
You have a pair of horns on your head.


Message History

A meat berserker comes into view. It is wielding a +9 battleaxe.
You are engulfed in blazing flames.
* * * LOW HITPOINT WARNING * * *
The meat berserker shouts!
You hear a shout! x3
The meat berserker moves out of view.
You hear a shout!
The sculptor of flesh appears out of thin air!
A sculptor of flesh comes into view. It is wielding a +9 great sword.
You hear a shout! x5
The bag of meat is engulfed in blazing flames. x2
The large bag of meat is engulfed in blazing flames.
The large bag of meat hits you with a +9 giant spiked club!!
* * * LOW HITPOINT WARNING * * *
The large bag of meat completely misses you.
Unknown command.
You slice the large bag of meat!!
You cleave the large bag of meat in twain.
The large bag of meat explodes!
The fiery explosion engulfs you!
You die...

...###... ..###.
........###......
.#........_......
z......#.....# .
.......#_.<._# ..
.......#)....#...
.#....§§§)_......
...O...§§###......
...###@§§O...###.
.. #§§o§...#
#Oo§§...#
....§§§......
.........o.....
.......o....O...
.O....D...%...##
....#........#..
.............#..


You could see an eight-headed meat hydra, a sculptor of flesh, a large bag of
meat (inner flame), 3 meat berserkers and 4 bags of meat.

Vanquished Creatures
  12 ogres (D)
  3 two-headed ogres (D)
  16 orcs (D)
31 creatures vanquished.

Notes
Turn   | Place    | Note
-------+----------+-------------------------------------------
     0 | D        | Found the +∞ Axe of Woe
     0 | D        | Fang the Minotaur Gladiator began the quest for the Orb.
     0 | D        | Reached XP level 1. HP: 18/18 MP: 0/0
     3 | D        | Noticed a meat berserker
     4 | D        | Became a worshipper of Makhleb the Destroyer
     5 | D        | Noticed a bag of meat
     5 | D        | Killed a meat berserker
     5 | D        | Reached XP level 2. HP: 45/45 MP: 1/1
     5 | D        | Reached XP level 3. HP: 51/51 MP: 2/2
     5 | D        | Reached XP level 4. HP: 59/59 MP: 3/3
     5 | D        | Reached XP level 5. HP: 66/66 MP: 4/4
     5 | D        | Reached XP level 6. HP: 73/73 MP: 5/5
     5 | D        | Reached XP level 7. HP: 80/80 MP: 6/6
     5 | D        | Reached XP level 8. HP: 88/88 MP: 7/7
     5 | D        | Reached XP level 9. HP: 94/94 MP: 8/8
     5 | D        | Reached XP level 10. HP: 102/102 MP: 9/9
     5 | D        | Reached XP level 11. HP: 108/108 MP: 10/10
     5 | D        | Reached XP level 12. HP: 116/116 MP: 11/11
     5 | D        | Reached XP level 13. HP: 123/123 MP: 12/12
     6 | D        | Noticed a bag of meat
     6 | D        | Noticed a meat berserker
     6 | D        | Noticed a meat berserker
     6 | D        | Noticed a bag of meat
     7 | D        | Noticed a meat berserker
     7 | D        | Killed a meat berserker
     7 | D        | Reached * piety under Makhleb
     7 | D        | Reached skill level 27 in Axes
     7 | D        | Reached XP level 14. HP: 71/137 MP: 13/13
     8 | D        | Noticed a meat berserker
     8 | D        | Noticed a meat berserker
     8 | D        | Noticed a meat berserker
     9 | D        | Noticed a bag of meat
     9 | D        | Noticed a bag of meat
     9 | D        | Noticed a bag of meat
     9 | D        | Noticed a meat berserker
     9 | D        | Killed a meat berserker
     9 | D        | Reached skill level 27 in Dodging
     9 | D        | Reached XP level 15. HP: 155/155 MP: 14/14
     9 | D        | Killed a meat berserker
    11 | D        | Noticed a meat berserker
    11 | D        | Killed a meat berserker
    11 | D        | Reached ** piety under Makhleb
    11 | D        | Reached skill level 27 in Fighting
    11 | D        | Reached XP level 16. HP: 183/183 MP: 15/15
    11 | D        | Reached skill level 27 in Throwing
    12 | D        | Noticed a meat berserker
    12 | D        | Killed a meat berserker
    12 | D        | Reached skill level 10 in Unarmed Combat
    12 | D        | Reached skill level 10 in Invocations
    12 | D        | Reached XP level 17. HP: 191/191 MP: 15/26
    12 | D        | Reached *** piety under Makhleb
    12 | D        | Reached skill level 10 in Stealth
    13 | D        | Killed a meat berserker
    13 | D        | Reached skill level 15 in Unarmed Combat
    13 | D        | Reached skill level 10 in Spellcasting
    13 | D        | Reached XP level 18. HP: 200/200 MP: 15/31
    13 | D        | Killed a meat berserker
    13 | D        | Reached skill level 15 in Stealth
    14 | D        | Reached **** piety under Makhleb
    15 | D        | Reached XP level 19. HP: 207/207 MP: 15/35
    16 | D        | Noticed a large bag of meat
    16 | D        | Killed a meat berserker
    16 | D        | Reached skill level 15 in Spellcasting
    16 | D        | Reached ***** piety under Makhleb
    16 | D        | Reached XP level 20. HP: 216/216 MP: 15/39
    18 | D        | Noticed a meat berserker
    18 | D        | Killed a meat berserker
    18 | D        | Reached skill level 27 in Armour
    18 | D        | Reached skill level 27 in Unarmed Combat
    19 | D        | Reached XP level 21. HP: 224/224 MP: 16/43
    19 | D        | Reached skill level 27 in Invocations
    20 | D        | Reached ****** piety under Makhleb
    20 | D        | Reached skill level 27 in Stealth
    21 | D        | Noticed a large bag of meat
    24 | D        | Killed a large bag of meat
    24 | D        | Reached skill level 27 in Spellcasting
    24 | D        | Reached XP level 22. HP: 131/233 MP: 17/52
    26 | D        | Noticed a large bag of meat
    26 | D        | Killed a large bag of meat
    28 | D        | Noticed a large bag of meat
    28 | D        | Noticed a large bag of meat
    30 | D        | Killed a large bag of meat
    30 | D        | Reached XP level 23. HP: 138/240 MP: 19/53
    33 | D        | Killed a large bag of meat
    33 | D        | Killed from afar by a large bag of meat

Skill      XL: |  1  2  3  4  5  6  7  8  9 10 11 12 13 14 15 16 17 18 19 20 21 |
---------------+----------------------------------------------------------------+-----
Fighting       | 13 16 20 27 | 27.0
Axes           | 23 27 | 27.0
Throwing       | 11 13 16 24 27 | 27.0
Dodging        | 21 24 27 | 27.0
Armour         | 11 16 21 25 27 | 27.0
Stealth        | 9 13 17 20 24 27 | 27.0
Unarmed Combat | 10 15 20 23 27 | 27.0
Spellcasting   | 6 10 13 16 19 27 | 27.0
Invocations    | 10 14 18 22 26 27 | 27.0

Action                   |  1- 3 |  4- 6 |  7- 9 | 10-12 | 13-15 | 16-18 | 19-21 | 22-24 || total
-------------------------+-------+-------+-------+-------+-------+-------+-------+-------++-------
Melee: Executioner's axe |     1 |       |       |       |     3 |     4 |     7 |     4 ||    19
Dodge: Dodged            |       |       |       |       |     2 |     1 |       |     1 ||     4
